 Dungeon Crawl Stone Soup version 0.21.0-3-g78d12a8bdd (webtiles) character file.

91 KamiKatze the Skirmisher (level 4, -1/40 HPs)
             Began as a Hill Orc Abyssal Knight on Jan 14, 2018.
             Was a Believer of Lugonu.
             Killed from afar by an orc wizard (7 damage)
             ... with a magic dart
             ... on level 3 of the Dungeon.
             The game lasted 00:08:11 (1843 turns).

KamiKatze the Skirmisher (Hill Orc Abyssal Knight)  Turns: 1843, Time: 00:08:12

Health: -1/40      AC:  3    Str: 15    XL:     4   Next: 57%
Magic:  6/6        EV: 11    Int: 12    God:    Lugonu [**....]
Gold:   129        SH:  0    Dex: 10    Spells: 3/3 levels left

rFire    . . .     SeeInvis .   a - +1 hand axe
rCold    . . .     Gourm    .   (no shield)
rNeg     . . .     Faith    .   b - +0 leather armour
rPois    .         Spirit   .   (no helmet)
rElec    .         Reflect  .   (no cloak)
rCorr    .         Harm     .   (no gloves)
MR       .....                  (no boots)
Stlth    ..........             (no amulet)
HPRegen  0.13/turn              (no ring)
MPRegen  0.10/turn              (no ring)

@: confused
A: no striking features
a: Depart the Abyss, Bend Space, Renounce Religion


You were on level 3 of the Dungeon.
You worshipped Lugonu.
Lugonu was pleased with you.
You were not hungry.

You visited 1 branch of the dungeon, and saw 3 of its levels.
You visited the Abyss 1 time.

You collected 129 gold pieces.

Inventory:

Hand Weapons
 a - a +1 hand axe (weapon)
Armour
 b - a +0 leather armour (worn)
 h - a +0 plate armour
Scrolls
 e - 2 scrolls of identify
 f - a scroll of blinking
 g - 2 scrolls of remove curse
 j - 4 scrolls of teleportation
Comestibles
 c - 5 rations


   Skills:
 + Level 4.2 Fighting
 + Level 3.6 Axes
 + Level 3.0 Armour
 + Level 1.6 Dodging
 + Level 3.4 Invocations


You had 3 spell levels left.
You didn't know any spells.

Dungeon Overview and Level Annotations

Branches:
Dungeon (3/15)

Altars:


Message History

The orc closely misses you.
You hit the orc.
You kill the orc!
Lugonu accepts your kill.
You closely miss something.
You hear some strange, mumbled words.
You are confused.
You aren't carrying any potions.
Unknown command.
You're too confused!
Unknown command.
You hit something but do no damage. Something hits you.
* * * LOW HITPOINT WARNING * * *
You completely miss something. Something hits you.
* * * LOW HITPOINT WARNING * * *
You miss something. Something barely misses you.
You hear some strange, mumbled words.
A magic dart appears from out of thin air!
The magic dart hits you!
You die...

...##.#.......#
....#.........#
......[...h...#######
..........###.#.....#
...#..g...# #)#.....##
...$......# #.#.......
.......######.........
.....>. ####).........
##..o.. #.@{........##
#.....##...........#
#....o#..............
....o..#...#..........
.......#...#....##....
#####....# ....
###....# ... #....###
#.####


There were no monsters in sight!

Vanquished Creatures
  4 adders (D:2)
  A leopard gecko (D:1)
  2 orcs (D:3)
  2 giant cockroaches (D:1)
  9 goblins
  6 hobgoblins
  A jackal (D:3)
  6 kobolds
  A quokka (D:2)
  4 bats (D:1)
  5 frilled lizards
  9 rats
50 creatures vanquished.

Notes
Turn   | Place    | Note
-------+----------+-------------------------------------------
     0 | Abyss:1  | KamiKatze the Hill Orc Abyssal Knight began the quest for the Orb.
     0 | Abyss:1  | Reached XP level 1. HP: 19/19 MP: 2/2
    15 | Abyss:1  | Found a corrupted altar of Lugonu.
    38 | Abyss:1  | Found a corrupted altar of Lugonu.
    59 | Abyss:1  | Noticed a soul eater
   149 | Abyss:1  | Noticed a chaos spawn
   157 | Abyss:1  | Noticed a smoke demon
   159 | D:1      | Escaped the Abyss
   490 | D:1      | Reached * piety under Lugonu
   491 | D:1      | Reached skill level 1 in Dodging
   491 | D:1      | Reached XP level 2. HP: 15/27 MP: 3/3
   790 | D:1      | Reached XP level 3. HP: 26/33 MP: 5/5
  1091 | D:2      | Reached skill level 4 in Fighting
  1218 | D:2      | Reached ** piety under Lugonu
  1373 | D:2      | Reached XP level 4. HP: 26/40 MP: 6/6
  1843 | D:3      | Killed from afar by an orc wizard

Skill      XL: |  1  2  3  4 |
---------------+-------------+-----
Dodging        | 1 |  1.6
Axes           | 3 |  3.6
Invocations    | 3 |  3.4
Fighting       | 4 |  4.2
Armour         | 3 |  3.0

Action                   |  1- 3 |  4- 6 || total
-------------------------+-------+-------++-------
Melee: Hand axe          |   126 |    50 ||   176
Invok: Depart the Abyss  |     1 |       ||     1
  Use: Scroll            |     6 |       ||     6
       Potion            |       |     2 ||     2
  Eat: Chunk             |     2 |     1 ||     3
Armor: Leather armour    |    40 |    12 ||    52
Dodge: Dodged            |    80 |    25 ||   105
